 Dungeon Crawl Stone Soup version 0.19.5 (webtiles) character file.

112 Jerry the Bolt Thrower (level 5, 0/41 HPs)
             Began as a Human Wanderer on Apr 11, 2017.
             Succumbed to Ijyb's poison
             ... on level 2 of the Dungeon on Apr 14, 2017.
             The game lasted 00:07:50 (1433 turns).

Jerry the Bolt Thrower (Human Wanderer)             Turns: 1433, Time: 00:07:51

Health: 0/41       AC:  2    Str: 12    XL:     5   Next: 16%
Magic:  5/5        EV:  8    Int: 12    God:
Gold:   68         SH:  0    Dex: 14    Spells: 0 memorised, 6 levels left

rFire  . . .     SeeInvis .     n - +1 short sword (drain)
rCold  . . .     Gourm    .     e - +0 robe
rNeg   . . .     Faith    .     (no shield)
rPois  .         Spirit   .     (no helmet)
rElec  .         Reflect  .     (no cloak)
rCorr  .         Harm     .     (no gloves)
MR     +....                    (no boots)
Stlth  +.........               (no amulet)
                                (no ring)
                                (no ring)

@: lethally poisoned (0 -> -9), flying, constricted
A: low mp 1, magic resistance 1, regeneration 1
a: no special abilities


You were on level 2 of the Dungeon.
You were not hungry.

You visited 1 branch of the dungeon, and saw 2 of its levels.

You collected 68 gold pieces.

Inventory:

Hand Weapons
 a - a +2 hand crossbow
 n - a +1 short sword of draining (weapon)
Missiles
 b - 60 bolts
Armour
 e - a +0 robe (worn)
Jewellery
 l - an uncursed amulet of guardian spirit {unknown}
Wands
 m - a wand of random effects (11/48)
Scrolls
 c - a scroll of noise
 h - a scroll of remove curse
 p - a scroll of teleportation
Books
 d - the Grimoire of Shape Shifting

   Spells                             Type                      Level
   a - Sticks to Snakes               Transmutation                2
   b - Passwall                       Transmutation/Earth          2
Comestibles
 f - a bread ration
 g - 8 chunks of flesh
 j - 4 fruits
 k - a royal jelly
 o - 2 meat rations


   Skills:
 + Level 3.6 Fighting
 + Level 4.4 Crossbows
 - Level 1.0 Spellcasting
   Level 1.0 Hexes
   Level 1.0 Poison Magic
 - Level 2.0 Evocations


You had 6 spell levels left.
You didn't know any spells.

Dungeon Overview and Level Annotations

Branches:
Dungeon (2/15)

Altars:
Xom


Innate Abilities, Weirdness & Mutations

Your magical capacity is low. (-10% MP)
You are resistant to hostile enchantments. (MR+)
Your natural rate of healing is unusually fast.


Message History

You feel sick. The ball python bites you.
* * * LOW HITPOINT WARNING * * *
The ball python grabs you.
* * * LOW HITPOINT WARNING * * *
The ball python constricts you. The ball python closely misses you.
* * * LOW HITPOINT WARNING * * *
The ball python constricts you.
Put on which piece of jewellery? (? for menu, Esc to quit)
Okay, then.
As you read the scroll labeled JEIFUU MICW, it crumbles to dust.
You hear a loud clanging noise!
It was a scroll of noise.
* * * LOW HITPOINT WARNING * * *
You feel sick.
You hear an angry hiss.
The ball python bites you but does no damage.
* * * LOW HITPOINT WARNING * * *
The ball python constricts you.
You closely miss the ball python.
You die...

#### ### ..#. .# ###
#.รท .... .. ..# #.# #<.
.# #.# #.# #(. .# #.#
#.#
####(.###.####.#######.#
......S...##...........#
#@.# #.#.#########
#..#..###.#.# #....
#.........#.# #.###
#.##..#####.# #.#
#...... #.# #.# ####..##
#.. #.# #..# ##. #.# #
#..# #.# # .(.# #.###


You could see a ball python.

Vanquished Creatures
  Ijyb (D:2)
  4 adders (D:2)
  A worm (D:2)
  2 dart slugs
  A leopard gecko (D:2)
  5 giant cockroaches
  6 goblins (D:1)
  7 hobgoblins
  6 kobolds
  3 bats
  2 frilled lizards
  7 rats
45 creatures vanquished.

Notes
Turn   | Place    | Note
-------+----------+-------------------------------------------
     0 | D:1      | Jerry the Human Wanderer began the quest for the Orb.
     0 | D:1      | Jerry set off with: a +2 hand crossbow, 23 bolts, a +0 hand axe, the Grimoire of Shape Shifting, a +0 robe, a bread ration
     0 | D:1      | Reached XP level 1. HP: 16/16 MP: 2/2
    11 | D:1      | Identified the Grimoire of Shape Shifting
    84 | D:1      | Reached XP level 2. HP: 23/23 MP: 3/3
   402 | D:1      | Reached XP level 3. HP: 28/28 MP: 4/4
  1029 | D:2      | Gained mutation: Your magical capacity is low. (-10% MP) [potion of mutation]
  1029 | D:2      | Gained mutation: You are resistant to hostile enchantments. (MR+) [potion of mutation]
  1029 | D:2      | Gained mutation: Your natural rate of healing is unusually fast. [potion of mutation]
  1185 | D:2      | Reached skill level 4 in Crossbows
  1185 | D:2      | Reached XP level 4. HP: 35/35 MP: 4/4
  1198 | D:2      | Found a shimmering altar of Xom.
  1417 | D:2      | Noticed Ijyb
  1427 | D:2      | Killed Ijyb
  1427 | D:2      | Reached XP level 5. HP: 20/41 MP: 5/5
  1432 | D:2      | HP: 2/41 [poisoned by Ijyb]
  1433 | D:2      | Succumbed to Ijyb's poison

Skill      XL: |  1  2  3 |
---------------+----------+-----
Fighting       | 3 |  3.6
Crossbows      | 4 |  4.4
Spellcasting   | |  1.0
Hexes          | |  1.0
Poison Magic   | |  1.0
Evocations     | |  2.0

Action                   |  1- 3 |  4- 6 || total
-------------------------+-------+-------++-------
Melee: Hand axe          |    28 |       ||    28
       Dagger            |    19 |       ||    19
       Short sword       |       |    14 ||    14
 Fire: Hand crossbow     |    29 |    21 ||    50
  Use: Scroll            |     4 |     1 ||     5
       Potion            |     1 |     1 ||     2
 Stab: Sleeping          |     1 |       ||     1
  Eat: Chunk             |     1 |     1 ||     2
Armor: Robe              |     8 |     5 ||    13
Dodge: Dodged            |    23 |    10 ||    33
